 Dungeon Sprint DCSS version 0.29-a0-542-g075992c915 (webtiles) character file.

Game seed: 2832539914012398851

140 purpskrrrp the Fighter (level 8, -1/65 HPs)
             Began as an Octopode Fighter on June 4, 2022.
             Was the Champion of Cheibriados.
             Constricted to death by a naga (5 damage)
             ... in the Dungeon (Sprint VI: "Thunderdome").
             The game lasted 00:19:54 (455 turns).

purpskrrrp the Fighter (Octopode Fighter)            Turns: 455, Time: 00:19:54

Health: -1/65      AC:  1    Str: 38    XL:     8   Next: 87%
Magic:  17/17      EV: 22    Int: 31    God:    Cheibriados [******]
Gold:   20         SH:  9    Dex: 33    Spells: 7/7 levels left

rFire   . . .      SeeInvis .     - Unarmed
rCold   + + +      Faith    .   a - +0 buckler
rNeg    . . .      Spirit   .   (helmet restricted)
rPois   +          Reflect  .   l - amulet of Bapaecuf {RegenMP rC+++ MP+9 Int-5 Dex-3}
rElec   +          Harm     .   c - ring "Nafavuch" {rC+ Int+6 Dex+4}
rCorr   .          Rampage  .   j - ring of the Amoeba {rPois Str+3 Stlth+}
Will    .....      NoTele   +   k - ring "Neogiqaq" {rElec Will- Str+3 Int+4 Dex+6}
Stlth   ++++++....              (no ring)
HPRegen 0.20/turn               (no ring)
MPRegen 0.55/turn               (no ring)
                                (no ring)
                                (no ring)

@: constricted, very slow
A: almost no armour, amphibious, 8 rings, camouflage 1, gelatinous body 1,
(nimble swimmer 1), tentacles
a: Renounce Religion, Bend Time, Temporal Distortion, Slouch, Step From Time


You were in the Dungeon.
You worshipped Cheibriados.
Cheibriados was exalted by your worship.
You visited 1 branch You collected 200 gold pieces.
You spent 180 gold pieces at shops.

Inventory:

Hand Weapons
 i - a +0 dagger
Missiles
 d - 15 poisoned darts (quivered)
 g - a curare-tipped dart
Armour
 a - a +0 buckler (worn)
Jewellery
 c - the ring "Nafavuch" (left tentacle) {rC+ Int+6 Dex+4}
   (You bought it in a shop in the Dungeon)

   [ring of intelligence]

   Int:       It affects your intelligence (+6).
   Dex:       It affects your dexterity (+4).
   rC:        It protects you from cold.
 j - the ring of the Amoeba (right tentacle) {rPois Str+3 Stlth+}
   (You bought it in a shop in the Dungeon)

   [ring of poison resistance]

   Str:       It affects your strength (+3).
   rPois:     It protects you from poison.
   Stlth:     It makes you more stealthy.
 k - the ring "Neogiqaq" (on tentacle) {rElec Will- Str+3 Int+4 Dex+6}
   (You bought it in a shop in the Dungeon)

   [ring of dexterity]

   Str:       It affects your strength (+3).
   Int:       It affects your intelligence (+4).
   Dex:       It affects your dexterity (+6).
   rElec:     It insulates you from electricity.
   Will:      It decreases your willpower.
 l - the amulet of Bapaecuf (around mantle) {RegenMP rC+++ MP+9 Int-5 Dex-3}
   (You bought it in a shop in the Dungeon)

   [amulet of magic regeneration]

   It increases your rate of magic regeneration.
   Int:       It affects your intelligence (-5).
   Dex:       It affects your dexterity (-3).
   rC:        It renders you almost immune to cold.
   MP:        It affects your magic capacity (+9).
Scrolls
 h - a scroll of blinking
Potions
 b - a potion of might
 e - a potion of haste
 f - 2 potions of magic


   Skills:
 + Level 10.4 Fighting
 + Level 0.3 Throwing
 + Level 10.2 Dodging
 + Level 4.2 Stealth
 + Level 9.7 Shields
 + Level 9.7 Unarmed Combat


You had 7 spell levels left.
You didn't know any spells.
Your spell library was empty.

Dungeon Overview and Level Annotations

Branches:
Dungeon (1/1)

Altars:
Cheibriados
Dithmenos
Fedhas
Gozag
Okawaru
Qazlal
Ru
Sif Muna
Uskayaw
Vehumet
Wu Jian
Xom
Yredelemnul
Zin
The Shining One
Beogh

Shops:
D *[???:(!!!!


Innate Abilities, Weirdness & Mutations

You cannot wear most types of armour.
You are amphibious.
You can wear up to eight rings at the same time.
Your skin changes colour to match your surroundings (Stealth+).
Your rubbery body absorbs attacks. (AC +1, EV +1)
((You are camouflaged when in or above water. (Stealth+)))
You have tentacles for arms and can constrict up to eight enemies at once.


Message History

A naga comes into view. It is wielding a +0 halberd.
The naga shouts!
You tentacle-slap the naga but do no damage.
You squeeze the naga, but do no damage. You closely miss the naga.
You squeeze the naga.
The naga is moderately wounded.
The naga completely misses you. You block the naga's attack.
You batter the naga!! You tentacle-slap the naga.
You kill the naga!
Cheibriados appreciates the change of pace.
You start waiting. 50...
You start waiting.
A naga comes into view. It is wielding a +1 vorpal dire flail.
A naga is nearby!
A naga is nearby!
The naga shouts!
A naga mage comes into view. It is wielding a +0 halberd.
The naga mage shouts!
The naga mage casts a spell.
The naga mage seems to speed up.
The naga mage casts a spell at the naga.
The naga seems to grow toxic.
Activating: Slouch (58% risk of failure)
Press: ? - help, Dir - look around, f - activate You fail to use your ability.
The naga spits poison at you. The splash of poison misses you.
There is a hide-covered altar of Uskayaw here.
You barely miss the naga. The naga closely misses you.
The naga completely misses you.
You tentacle-slap the naga but do no damage.
Your squeeze misses the naga. You block the naga mage's attack.
The naga hits you with a +1 vorpal dire flail!!
The naga grabs you. The naga constricts you.
You completely miss the naga. The naga mage closely misses you.
The naga hits you with a +1 vorpal dire flail!!
* * * LOW HITPOINT WARNING * * *
x2 The naga constricts you.
You die...

##∩.....∩## #∩.......∩#
#_..[...._# #........_#
#_......._#
###.........###
#⌠...........⌠#
######N8.........8.##
##.__@N.....###......_
###∩........8.# #.8.....
##[...†).......###......)
#⌠..........###...###....
#⌠..).......# #.<.# #....
#(..........###...###....
##.............###.......
###∩..).....8.# #.8.....
##∩___......###.......


You could see a naga mage (fast) and a naga (curare, catching breath).

Vanquished Creatures
  A black mamba (D)
  A kobold demonologist (D)
  Sigmund (D)
  2 nagas (D)
  4 kobold brigands (D)
  4 scorpions (D)
  A hound (D)
  Jessica (D)
  An adder (D)
  3 giant cockroaches (D)
  2 goblins (D)
  A kobold (D)
22 creatures vanquished.

Notes
Turn   | Place    | Note
-------+----------+-------------------------------------------
     0 | D        | purpskrrrp the Octopode Fighter began the quest for the
                  | Orb.
     0 | D        | Reached XP level 1. HP: 16/16 MP: 1/1
     0 | D        | Found a hide-covered altar of Uskayaw.
     0 | D        | Found a stormy altar of Qazlal.
     1 | D        | Found a shimmering blue altar of Sif Muna.
     2 | D        | Found an iron altar of Okawaru.
     3 | D        | Found a snail-covered altar of Cheibriados.
     3 | D        | Found a blossoming altar of Fedhas.
     3 | D        | Found an opulent altar of Gozag.
     3 | D        | Found Maadihass's Identification Station.
     4 | D        | Found Byumunk's Jewellery.
     4 | D        | Found Azorchac's Advanced Armour.
     5 | D        | Round 1.
    12 | D        | Found a glowing silver altar of Zin.
    34 | D        | Found Hotuligi's Magic Scroll Shop.
    34 | D        | Found Hatum's Magic Scroll Shop.
    35 | D        | Found Cailastra's Must-Have Magic.
    39 | D        | Became a worshipper of Cheibriados the Contemplative
    40 | D        | Found an ornate altar of the Wu Jian Council.
    40 | D        | Found a glowing golden altar of the Shining One.
    40 | D        | Found a shimmering altar of Xom.
    40 | D        | Found Ofieleheqo's Staff Store.
    48 | D        | Noticed Sigmund
    51 | D        | Found a basalt altar of Yredelemnul.
    60 | D        | Killed Sigmund
    61 | D        | Reached XP level 2. HP: 7/26 MP: 2/2
    61 | D        | Reached XP level 3. HP: 8/31 MP: 3/3
    61 | D        | Reached XP level 4. HP: 9/36 MP: 4/4
    61 | D        | Reached XP level 5. HP: 11/42 MP: 5/5
    67 | D        | Found a sacrificial altar of Ru.
    68 | D        | Found Goteuplit's Distillery.
    69 | D        | Found Pougiynk's Distillery.
    69 | D        | Found Xazifock's Bottled Wisdom.
    69 | D        | Found a shadowy altar of Dithmenos.
    69 | D        | Found a radiant altar of Vehumet.
    69 | D        | Found Renweypp's Do-It-Yourself Clinic.
    75 | D        | Reached * piety under Cheibriados
    84 | D        | Reached ** piety under Cheibriados
    85 | D        | Noticed Jessica
    92 | D        | Killed Jessica
    92 | D        | Arena points: 14 (+14) [x2]
    93 | D        | Reached XP level 6. HP: 41/49 MP: 6/6
   137 | D        | Round 2.
   149 | D        | Reached skill level 5 in Unarmed Combat
   158 | D        | Reached *** piety under Cheibriados
   163 | D        | Reached skill level 1 in Stealth
   166 | D        | Reached XP level 7. HP: 24/56 MP: 7/7
   176 | D        | Reached **** piety under Cheibriados
   176 | D        | Arena points: 56 (+42) [x3]
   181 | D        | Bought a brightly glowing granite ring for 45 gold pieces
   181 | D        | Identified the ring "Nafavuch" {rC+ Int+6 Dex+4} (You
                  | bought it in a shop in the Dungeon)
   191 | D        | Round 3.
   192 | D        | Noticed a kobold demonologist
   198 | D        | Noticed a rust devil
   198 | D        | Killed a kobold demonologist
   207 | D        | Reached ***** piety under Cheibriados
   213 | D        | Reached XP level 8. HP: 46/64 MP: 8/8
   304 | D        | Arena points: 140 (+84) [x4]
   322 | D        | Bought a brightly glowing steel ring for 45 gold pieces
   322 | D        | Identified the ring of the Amoeba {rPois Str+3 Stlth+} (You
                  | bought it in a shop in the Dungeon)
   322 | D        | Bought a shimmering brass ring for 45 gold pieces
   322 | D        | Identified the ring "Neogiqaq" {rElec Will- Str+3 Int+4
                  | Dex+6} (You bought it in a shop in the Dungeon)
   322 | D        | Bought a pitted zirconium amulet for 45 gold pieces
   322 | D        | Identified the amulet of Bapaecuf {RegenMP rC+++ MP+9 Int-5
                  | Dex-3} (You bought it in a shop in the Dungeon)
   356 | D        | Round 4.
   393 | D        | Noticed a black mamba
   399 | D        | Killed a black mamba
   400 | D        | Reached skill level 10 in Fighting
   408 | D        | Reached ****** piety under Cheibriados
   409 | D        | Reached skill level 10 in Dodging
   447 | D        | Noticed a naga mage
   455 | D        | Constricted to death by a naga

Illustrated notes

Levels and vault maps discovered:
D:        arena_sprint

Skill      XL: |  1  2  3  4  5  6  7  8 |
---------------+-------------------------+-----
Fighting       | 6 7 8 9 10 | 10.4
Dodging        | 6 7 8 9 10 | 10.2
Shields        | 6 8 9 |  9.7
Unarmed Combat | 4 6 7 9 |  9.7
Stealth        | 1 2 4 |  4.2
Throwing       | |  0.3

Action                   |  1- 3 |  4- 6 |  7- 9 || total
-------------------------+-------+-------+-------++-------
Melee: Unarmed           |     9 |    22 |    32 ||    63
       Tentacles         |     1 |     8 |     9 ||    18
       Constrict         |     1 |     7 |     5 ||    13
       Punch             |       |       |     4 ||     4
Throw: Dart              |       |       |     2 ||     2
  Use: Potion            |     1 |     1 |     1 ||     3
 Stab: Distracted        |       |     1 |     1 ||     2
Armor: Skin              |       |     1 |       ||     1
Dodge: Dodged            |     2 |    16 |    18 ||    36
Block: Buckler           |     1 |     2 |    10 ||    13

Table legend: (Time is in decaauts)
 A = Elapsed time spent in this place.
 B = Non-inter-level travel time spent in this place.
 C = Inter-level travel time spent in this place.
 D = Time resting spent in this place.
 E = Time spent auto-exploring this place.
 F = Levels seen in this place.
 G = Mean time per level.
                   A        B        C        D        E       F      G
               +--------+--------+--------+--------+--------+-----+--------+
         Total |    534 |    427 |    107 |    197 |      0 |   1 |  534.0 |
       Dungeon |    534 |    427 |    107 |    197 |      0 |   1 |  534.0 |
               +--------+--------+--------+--------+--------+-----+--------+

Top non-repeatable levels by time:
       D: 534 daAuts
